 Dungeon Crawl Stone Soup version 0.26-a0-547-g695e311587 (console) character file.

Game seed: 14356487044598267870

624473 FIQ the Slayer (level 27, -27/271 HPs)
             Began as a Minotaur Berserker on Aug 20, 2020.
             Was the Champion of Trog.
             Killed from afar by an ancient lich (37 damage)
             ... with a lance of force
             ... on level 5 of the Realm of Zot.
             The game lasted 03:54:50 (77971 turns).

FIQ the Slayer (Minotaur Berserker)                Turns: 77971, Time: 03:54:51

Health: -27/271    AC: 33    Str: 31 (32) XL:     27
Magic:  22/22      EV: 22    Int:  3 (6)  God:    Trog [******]
Gold:   5468       SH:  5    Dex: 23 (24) Spells: 26/26 levels left

rFire    + . .     SeeInvis .   h - +10 dark maul {vorpal}
rCold    + + +     Faith    .   (shield currently unavailable)
rNeg     + . .     Spirit   .   X - +9 scales of the Dragon King {rPois rF+ rC+ MR+}
rPois    +         Reflect  +   t - +0 hat {MR+}
rElec    .         Harm     .   O - scarf {shadows}
rCorr    .         Rnd*Rage +   p - +0 pair of fencer's gloves {Riposte Dex+3}
MR       +++++                  x - +2 pair of boots {run}
Stlth    ..........             I - amulet of Muhaifax {Reflect rC+ rN+ Str+4 SH+5}
HPRegen  0.55/turn              S - ring "Goyc" {rPois rC+ Int+2 Dex+4}
MPRegen  0.18/turn              R - ring of protection from magic

@: about to teleport, berserk cooldown, very slightly contaminated, slowed,
studying 2 skills, lightly drained, invisible, very slow
A: retaliatory headbutt, horns 2, berserk 1, deformed body
}: 3/15 runes: barnacled, silver, gossamer
a: Berserk, Trog's Hand, Brothers in Arms, Renounce Religion


You were on level 5 of the Realm of Zot.
You worshipped Trog.
Trog was exalted by your worship.
You visited 10 branches of the dungeon, and saw 50 of its levels.
You visited the Abyss 2 times.
You also visited: Sewer, Bailey and Ice Cave.

You collected 8639 gold pieces.
You spent 3171 gold pieces at shops.

Inventory:

Hand Weapons
 a - the +8 whip "Snakebite" {curare, rPois}
   (You found it on level 2 of the Lair of Beasts)

   It poisons the flesh of those it strikes.
   It protects you from poison.
 b - a +2 antimagic eveningstar
 h - the +10 dark maul (weapon) {vorpal}
   (You took it off a deep elf death mage on level 3 of the Elven Halls)

   It inflicts extra damage upon your enemies.
Armour
 p - the +0 pair of fencer's gloves (worn) {Riposte Dex+3}
   (You acquired it on level 2 of the Depths)

   It affects your dexterity (+3).
 t - a +0 hat of magic resistance (worn)
 x - a +2 pair of boots of running (worn)
 O - a scarf of shadows (worn)
 X - the +9 scales of the Dragon King (worn) {rPois rF+ rC+ MR+}
   (You took it off a vault warden on level 5 of the Vaults)

   It protects you from fire.
   It protects you from cold.
   It protects you from poison.
   It affects your resistance to hostile enchantments.
Jewellery
 o - an uncursed ring of protection from magic
 w - an uncursed ring of positive energy
 I - the amulet of Muhaifax (around neck) {Reflect rC+ rN+ Str+4 SH+5}
   (You took it off a deep elf death mage on level 3 of the Elven Halls)

   [amulet of reflection]

   It shields you and reflects attacks.
   It affects your strength (+4).
   It protects you from cold.
   It protects you from negative energy.
   It affects your SH (+5).
 R - a ring of protection from magic (right hand)
 S - the ring "Goyc" (left hand) {rPois rC+ Int+2 Dex+4}
   (You found it on level 13 of the Dungeon)

   [ring of poison resistance]

   It affects your intelligence (+2).
   It affects your dexterity (+4).
   It protects you from cold.
   It protects you from poison.
Wands
 d - a wand of digging (13)
 f - a wand of acid (32)
 r - a wand of enslavement (34)
 y - a wand of polymorph (42)
 G - a wand of flame (54)
 H - a wand of paralysis (56)
 K - a wand of random effects (142)
 N - a wand of disintegration (93)
 Q - a wand of iceblast (47)
Scrolls
 c - 28 scrolls of remove curse
 u - 2 scrolls of magic mapping
 v - 11 scrolls of immolation
 B - 8 scrolls of teleportation
 C - 10 scrolls of fear
 F - 19 scrolls of enchant armour
 L - 13 scrolls of identify
 P - 6 scrolls of fog
 V - a scroll of summoning
Potions
 g - 9 potions of berserk rage
 i - 12 potions of stabbing
 k - a potion of ambrosia
 l - 11 potions of flight
 n - 19 potions of curing
 q - 2 potions of cancellation
 s - 2 potions of resistance
 z - 6 potions of mutation
 D - 6 potions of magic
 E - 7 potions of might
 J - a potion of invisibility
Books
 A - a manual of Crossbows
 T - a manual of Shields
Miscellaneous
 M - a box of beasts (3/3)
 W - a condenser vane (2/2)
 Y - a phial of floods


   Skills:
 + Level 26.7(26.0) Fighting
 * Level 26.2(25.5) Maces & Flails
 + Level 23.1(22.5) Armour
 + Level 21.5(20.9) Dodging
 - Level 16.9(16.3) Shields
 + Level 17.6(17.0) Evocations


You had 26 spell levels left.
You didn't know any spells.
Your spell library contained the following spells:

 Spells                   Type           Power        Failure   Level
 Corpse Rot               Necr/Air       N/A          100%        2
 Stone Arrow              Conj/Erth      #.....       100%        3
 Summon Forest            Summ/Tloc      #.........   100%        5
 Eringya's Noxious Bog    Tmut/Pois      #.........   100%        6
 Hydra Form               Tmut           #.........   100%        6
 Summon Hydra             Summ           #.........   100%        7


Dungeon Overview and Level Annotations

Branches:
Dungeon (15/15)            Temple (1/1) D:4            Lair (6/6) D:9
 Shoals (4/4) Lair:4       Spider (4/4) Lair:3        Slime (0/5) Lair:6
    Orc (2/2) D:10            Elf (3/3) Orc:2        Vaults (5/5) D:14
  Crypt (0/3) Vaults:2     Depths (5/5) D:15            Zot (5/5) Depths:5
  Sewer (visited)          Bailey (visited)           IceCv (visited)

Altars:
Ashenzari
Cheibriados
Dithmenos
Elyvilon
Fedhas
Gozag
Hepliaklqana
Kikubaaqudgha
Makhleb
Nemelex Xobeh
Okawaru
Qazlal
Ru
Sif Muna
Trog
Uskayaw
Vehumet
Wu Jian
Xom
Yredelemnul
Zin
The Shining One
Jiyva
Lugonu

Shops:
D:6 ?   D:7 *   D:9 !   Orc:2 !*([   Elf:3 [   Vaults:3 [   Depths:1 *
Depths:2 *?

Portals:
Hell: Depths:1 Depths:2 Depths:3 Depths:4 Depths:5
Abyss: Depths:1 Depths:2 Depths:4
Pandemonium: Depths:3
Ziggurat: Depths:1

Annotations:
Elf:1 6 runed translucent doors
Elf:3 1 runed translucent door, rasy's ghost, adept MiFi


Innate Abilities, Weirdness & Mutations

You reflexively headbutt those who attack you in melee.
You have a pair of horns on your head.
You tend to lose your temper in combat.
Armour fits poorly on your strangely shaped body.


Message History

An orb of fire comes into view.
Okay, then.
Okay, then.
Okay, then.
As you read the scroll of teleportation, it crumbles to dust.
You feel strangely unstable.
You feel the Orb delaying your translocation!
The green draconian hits you but does no damage.
You block the green draconian's attack.
The Killer Klown says, "Come and play with me!"
An ancient lich comes into view.
The green draconian hits you but does no damage.
The green draconian tail-slaps you.
* * * LOW HITPOINT WARNING * * *
The Killer Klown pantomimes your execution.
The Killer Klown blinks!
The storm dragon roars deafeningly!
You hear a shout!
You hear some strange, mumbled words.
A lance of force appears from out of thin air!
The lance of force hits you!!!
You die...

▓▓.....##▓▓▓▓▓▓▓▓▓▓▓
▓▓...^^......^,,,****
▓▓.....X....^..,^,,,,*
▓▓.......L......,,,,,,,
▓....p.....^....,,,,,,,
▓...............,,,,,,,
*▓........X.....,,,,,,,
▓▓.....{.......,,,,,,,
▓▓..d..§......,,,,,,,
▓▓...X......^.[,,,,,,,
*▓....@XD.*.....,^,,^,,
▓.............,,,,,,,,,
▓.............,,,,,,,,,
▓▓............,,,,,,,,,
▓▓...........^,,,,,,,*
▓▓▓▓........,,,,,****
▓▓▓▓▓▓▓▓*******


You could see an orb of fire, a Killer Klown, a storm dragon (wandering), a
green draconian and 3 Orb Guardians.

Vanquished Creatures
  4 orbs of fire
  Mara (Shoals:3)
  Mennas (Vaults:2)
  2 ancient liches
  A juggernaut (Depths:4)
  Boris (Depths:4)
  2 Killer Klowns
  Saint Roka (Vaults:3)
  2 caustic shrikes (Depths:2)
  A curse toe (Zot:3)
  9 golden dragons
  Nikola (Elf:2)
  3 electric golems
  Jorgrun (Shoals:3)
  13 tentacled monstrosities
  4 liches
  7 titans
  10 Orb Guardians (Zot:5)
  9 quicksilver dragons
  2 deep elf master archers (Elf:3)
  2 krakens
  3 deep elf blademasters
  A tentacled starspawn (Abyss:3)
  A quicksilver dragon (shapeshifter) (Vaults:5)
  Gastronok (D:12)
  6 death cobs
  7 sphinxes
  Frances (D:13)
  9 tengu reavers
  14 storm dragons
  15 shadow dragons
  Agnes (D:14)
  Ilsuiw (Shoals:2)
  9 draconian monks
  An azure jelly (shapeshifter) (Vaults:5)
  The ghost of fly the Protected, an adept FoDe of the Shining One (Orc:2)
  2 deep elf sorcerers
  15 vault wardens
  An orc warlord (Vaults:3)
  5 fire giants
  11 frost giants
  5 draconian scorchers
  A cacodemon (Depths:3)
  3 large abominations
  8 draconian shifters
  A balrug (Depths:1)
  3 iron dragons
  6 emperor scorpions
  6 draconian knights
  4 draconian stormcallers
  6 ghost moths
  7 deep elf elementalists
  20 ironheart preservers
  6 very ugly things
  6 draconian annihilators
  27 stone giants
  2 spriggan defenders
  2 entropy weavers
  2 war gargoyles (Vaults:5)
  3 vampire knights
  7 green draconians
  9 deep elf demonologists
  17 white draconians
  A juggernaut skeleton (Depths:3)
  13 black draconians
  11 purple draconians
  14 red draconians
  8 spark wasps
  14 yellow draconians
  6 deep elf death magi
  7 deep elf annihilators
  An eidolon (Abyss:4)
  5 merfolk javelineers
  4 merfolk impalers
  2 blizzard demons
  4 jiangshi
  13 ettins
  Josephine (D:13)
  18 yaktaur captains
  A great orb of eyes (shapeshifter) (Depths:4)
  8 fire dragons
  14 ogre magi
  Erolcha (Orc:1)
  3 rakshasas
  5 deep elf high priests
  7 great orbs of eyes
  17 ice dragons
  4 hydras
  Harold (Lair:2)
  29 vault guards
  18 centaur warriors
  A spriggan air mage (Depths:3)
  4 catoblepae
  49 two-headed ogres
  A queen ant (shapeshifter) (Vaults:5)
  7 merfolk aquamancers
  4 merfolk avatars
  4 death knights
  23 dancing weapons
  A satyr (Shoals:4)
  5 deep troll shamans
  6 death yaks (Lair:6)
  Erica (D:10)
  8 deep troll earth magi
  4 vampire magi
  A shock serpent (shapeshifter) (Vaults:1)
  4 spriggan berserkers
  11 tengu warriors
  A sun demon (Depths:3)
  A thrashing horror (Abyss:3)
  An orc high priest (Orc:1)
  13 hell knights
  Nergalle (Lair:3)
  2 spriggans (Depths:5)
  16 deep elf knights
  A skeletal warrior (Vaults:5)
  2 wretched stars (Abyss:3)
  15 sea snakes
  2 iron trolls
  A shadow wraith (Vaults:5)
  4 unseen horrors
  16 deep trolls
  A spark wasp zombie (Depths:3)
  4 starcursed masses (Abyss:3)
  8 flayed ghosts
  8 deep elf archers
  3 glowing orange brains
  A lindwurm (shapeshifter) (Depths:4)
  4 phantasmal warriors
  13 orc knights
  4 wizards
  A harpy (shapeshifter) (Vaults:4)
  19 harpies
  15 ironbrand convokers
  50 deep elf magi
  4 necromancers
  8 orc sorcerers
  22 wolf spiders
  A wolf spider zombie (D:15)
  12 manticores
  17 orb spiders
  A shining eye (shapeshifter) (Vaults:2)
  A frost giant zombie (Vaults:3)
  A salamander (Depths:1)
  2 oklob plants
  A worldbinder (Abyss:3)
  13 cyclopes
  64 ugly things
  9 elephants (Lair:6)
  A salamander (shapeshifter) (Depths:3)
  5 centaur zombies
  A moth of wrath (shapeshifter) (Vaults:5)
  A tengu skeleton (Depths:3)
  3 fauns (Shoals:4)
  5 black mambas
  11 merfolk sirens
  28 moths of wrath
  A guardian serpent (shapeshifter) (Depths:2)
  14 vault sentinels
  A torpor snail (shapeshifter) (Depths:3)
  2 torpor snails
  2 ice statues (IceCv)
  2 gargoyles
  6 water nymphs
  An orange demon (Depths:3)
  Psyche (D:10)
  Maggie (D:6)
  A rime drake (shapeshifter) (Vaults:1)
  9 cane toads
  A yaktaur (shapeshifter) (Depths:2)
  2 rime drakes
  5 komodo dragons
  12 freezing wraiths
  41 yaktaurs
  A kobold demonologist (D:11)
  15 ice devils
  2 ancient zymes (Abyss:3)
  10 demonic crawlers
  A redback zombie (D:14)
  6 red devils (Depths:1)
  7 trolls
  7 tengu conjurers
  16 merfolk
  2 jumping spiders (shapeshifter)
  4 hellwings
  2 queen bees (D:11)
  14 hornets
  A queen bee (shapeshifter) (Depths:2)
  14 jumping spiders
  A meliai (shapeshifter) (Vaults:5)
  6 wind drakes
  6 blink frogs
  A polar bear (Lair:5)
  9 dream sheep
  A raiju (Abyss:4)
  11 hippogriffs
  A meliai zombie (D:14)
  12 slime creatures
  13 snapping turtles
  A stone giant simulacrum (Vaults:3)
  A redback (shapeshifter) (Depths:1)
  31 redbacks
  A shadow (D:11)
  2 ynoxinuls
  6 wyverns
  10 wraiths
  A vampire (D:14)
  18 water elementals
  20 tarantellas
  2 tarantellas (shapeshifter)
  3 air elementals
  54 yaks
  2 basilisks (shapeshifter)
  3 fire elementals
  3 basilisks (Lair:4)
  A human (shapeshifter) (Vaults:1)
  6 wargs
  2 vampire mosquitoes (D:15)
  A soldier ant (D:14)
  An acid dragon (shapeshifter) (Vaults:1)
  A warg (shapeshifter) (Elf:1)
  A soldier ant (shapeshifter) (Vaults:4)
  22 water moccasins
  4 acid dragons (Vaults:2)
  A floating eye (Depths:4)
  A hell hound (Lair:4)
  48 orc warriors
  3 porcupines
  4 sky beasts
  5 ice beasts
  A black bear (D:9)
  An ettin simulacrum (Vaults:1)
  51 ogres
  7 boggarts
  2 eyes of draining (D:9)
  4 wolves (Lair:1)
  44 centaurs
  10 crocodiles
  18 bullfrogs
  2 gnoll sergeants
  2 earth elementals
  A small abomination (Abyss:3)
  4 scorpions
  A wyvern skeleton (D:12)
  47 killer bees
  5 electric eels
  9 wights
  3 howler monkeys (D:8)
  A crimson imp (Depths:1)
  3 bullfrog zombies
  A human simulacrum (Vaults:3)
  2 iron imps
  19 jellies
  5 bullfrog skeletons
  7 hounds
  32 orc priests
  A gnoll shaman (D:6)
  30 orc wizards
  9 centaur skeletons
  5 iguanas
  10 worker ants
  2 hound skeletons
  A hound zombie (D:5)
  2 worker ant zombies
  12 adders
  23 gnolls
  A howler monkey skeleton (D:8)
  2 river rats (D:6)
  4 shadow imps
  11 white imps
  10 ufetubi
  10 oozes
  An adder zombie (D:8)
  2 worms
  3 dart slugs
  A leopard gecko (D:8)
  128 orcs
  2 giant cockroaches
  13 goblins
  4 hobgoblins
  16 jackals
  8 kobolds
  5 quokkas
  2 ball pythons
  10 bats
  4 frilled lizards
  A jackal skeleton (D:6)
  10 rats
  A butterfly (Lair:1)
  3 crawling corpses (Vaults:5)
  A lurking horror (Abyss:3)
  3 tentacles (Shoals:4)
2272 creatures vanquished.

Vanquished Creatures (collateral kills)
  Asterion (Spider:3)
  A red draconian (Zot:1)
  A hydra (Lair:2)
  The ghost of Aksej the Blocker, a journeyman GnFi of Wu Jian (D:10)
  5 two-headed ogres (Orc:2)
  3 ogre magi (Orc:2)
  2 orc knights (Bailey)
  A wolf spider zombie (D:13)
  A rime drake (Lair:4)
  A hippogriff (Lair:4)
  5 wyverns (Lair:4)
  4 basilisks (Lair:4)
  An orc warrior (Bailey)
  8 ogres (Orc:2)
  4 orcs (Bailey)
39 creatures vanquished.

Vanquished Creatures (others)
  A fire giant (Vaults:2)
  An ogre mage (Depths:2)
  2 deep elf knights
  An orb spider (Spider:4)
  A jumping spider (Spider:4)
  A redback (Spider:4)
  A chaos spawn (Zot:3)
  An orc warrior (Elf:1)
  An ogre (Depths:2)
  A boggart (Depths:2)
  A centaur (Depths:2)
  An orc priest (Elf:1)
  2 white imps (IceCv)
  An ufetubus (IceCv)
  4 orcs (Elf:1)
  24 bushes (Depths:5)
  7 fungi
  37 plants
  8 starspawn tentacles (Abyss:3)
  25 tentacles
121 creatures vanquished.

Grand Total: 2432 creatures vanquished

Notes
Turn   | Place    | Note
-------+----------+-------------------------------------------
     0 | D:1      | FIQ the Minotaur Berserker began the quest for the Orb.
     0 | D:1      | Reached XP level 1. HP: 19/19 MP: 0/0
   444 | D:1      | Reached XP level 2. HP: 27/27 MP: 1/1
  1042 | D:1      | Reached XP level 3. HP: 33/33 MP: 2/2
  1309 | D:2      | Reached ** piety under Trog
  1597 | D:2      | Reached XP level 4. HP: 40/40 MP: 3/3
  1946 | D:2      | Gained mutation: You are partially covered in large bone
                  | plates. (SH +4) [potion of mutation]
  1946 | D:2      | Gained mutation: You possess an exceptional clarity of
                  | mind. [potion of mutation]
  2195 | D:3      | Reached skill level 5 in Maces & Flails
  2542 | D:3      | Noticed a bullfrog
  2551 | D:3      | Killed a bullfrog
  2551 | D:3      | Reached XP level 5. HP: 47/47 MP: 4/4
  2834 | D:4      | Found a hazy altar of Hepliaklqana.
  2995 | D:4      | Found a staircase to the Ecumenical Temple.
  3257 | D:4      | Reached XP level 6. HP: 55/55 MP: 5/5
  3745 | Temple   | Entered the Ecumenical Temple
  3902 | D:5      | Entered Level 5 of the Dungeon
  4004 | D:5      | Identified the cursed +1 hand axe "Beastslayer" {venom, rN+
                  | SInv}
  4019 | D:5      | Reached skill level 5 in Fighting
  4723 | D:5      | Found a stormy altar of Qazlal.
  4870 | D:5      | Reached XP level 7. HP: 60/61 MP: 6/6
  5134 | D:6      | Found a glowing drain.
  5137 | D:6      | Noticed Maggie
  5148 | D:6      | Reached skill level 5 in Armour
  5162 | D:6      | Killed Maggie
  5162 | D:6      | Reached XP level 8. HP: 43/70 MP: 7/7
  5305 | Sewer    | Entered a sewer
  5355 | Sewer    | Reached skill level 5 in Dodging
  5363 | Sewer    | Reached *** piety under Trog
  5635 | D:6      | Found Piczodol's Magic Scroll Emporium.
  5760 | D:6      | Bought 3 scrolls of identify for 84 gold pieces
  5760 | D:6      | Bought a scroll of identify for 28 gold pieces
  5760 | D:6      | Bought a scroll of identify for 28 gold pieces
  5760 | D:6      | Bought a scroll of immolation for 49 gold pieces
  5760 | D:6      | Bought a scroll of blinking for 105 gold pieces
  6451 | D:7      | You fall into a shaft and drop 1 floor!
  6591 | D:8      | Found an ornate altar of the Wu Jian Council.
  6812 | D:8      | Noticed a two-headed ogre
  6822 | D:8      | Killed a two-headed ogre
  6822 | D:8      | Reached skill level 10 in Maces & Flails
  6822 | D:8      | Reached XP level 9. HP: 80/80 MP: 8/8
  7011 | D:8      | Reached **** piety under Trog
  7309 | D:7      | Found Ibith's Assorted Antiques.
  7311 | D:7      | Found a blossoming altar of Fedhas.
  8172 | D:7      | Bought a pair of heavily runed gloves for 228 gold pieces
  8177 | D:7      | Identified the cursed +0 pair of gloves of Incorporation
                  | {Int+3 Stlth+} (You bought it in a shop on level 7 of the
                  | Dungeon)
  8582 | D:9      | Found Fumad's Distillery.
  8628 | D:9      | Found a flagged portal.
  8642 | Bailey   | Entered a bailey
  8788 | Bailey   | Reached XP level 10. HP: 90/90 MP: 9/9
  8910 | Bailey   | Noticed an orc knight
  8911 | Bailey   | Noticed an orc knight
  8916 | Bailey   | Noticed an orc knight
  8924 | Bailey   | Killed an orc knight
  8924 | Bailey   | Killed an orc knight
  8928 | Bailey   | Killed an orc knight
  8936 | Bailey   | Noticed an orc knight
  8939 | Bailey   | Killed an orc knight
  8950 | Bailey   | Noticed an orc knight
  8996 | Bailey   | Killed an orc knight
  9137 | D:9      | Found a staircase to the Lair.
  9324 | D:9      | Found a white marble altar of Elyvilon.
  9437 | D:9      | Found a glowing silver altar of Zin.
  9852 | D:9      | Found an iron altar of Okawaru.
 10102 | D:10     | Entered Level 10 of the Dungeon
 10102 | D:10     | Found a transporter.
 10102 | D:10     | Noticed Aksej's ghost (journeyman GnFi)
 10103 | D:10     | Identified the cursed +3 great mace of Casar {flame,
                  | *Contam +Fly rPois rF+++}
 10103 | D:10     | Identified the +1 dire flail "Jowuim" {flame, *Slow rElec
                  | rC- Str+8}
 10103 | D:10     | Noticed a two-headed ogre
 10104 | D:10     | Noticed a two-headed ogre
 10108 | D:10     | Noticed a two-headed ogre
 10139 | D:10     | Killed an unseen horror
 10146 | D:10     | Reached XP level 11. HP: 85/99 MP: 10/10
 10167 | D:10     | Found a transporter.
 10307 | D:10     | Reached skill level 10 in Fighting
 10522 | D:10     | Reached ***** piety under Trog
 10785 | D:10     | Found a staircase to the Orcish Mines.
 11135 | D:10     | Noticed Erica
 11142 | D:10     | Killed Erica
 11201 | D:10     | Noticed Psyche
 11205 | D:10     | Killed Psyche
 11361 | D:10     | Reached skill level 1 in Evocations
 11407 | D:10     | Received a gift from Trog
 11775 | Lair:1   | Entered Level 1 of the Lair of Beasts
 11829 | Lair:1   | Reached skill level 10 in Armour
 12962 | Lair:1   | Reached skill level 10 in Dodging
 12962 | Lair:1   | Reached XP level 12. HP: 110/110 MP: 11/11
 12975 | Lair:2   | Noticed a catoblepas
 12996 | Lair:1   | Reached skill level 15 in Maces & Flails
 13130 | Lair:2   | Killed a catoblepas
 13365 | Lair:2   | Noticed an eight-headed hydra
 13370 | Lair:2   | Killed a nine-headed hydra
 13595 | Lair:2   | Found the +8 whip "Snakebite" {curare, rPois}
 13714 | Lair:2   | Noticed Harold
 13726 | Lair:2   | Killed Harold
 13726 | Lair:2   | Reached XP level 13. HP: 116/116 MP: 12/12
 14331 | D:7      | Bought an embroidered cloak for 180 gold pieces
 14499 | Lair:3   | Found a glowing silver altar of Zin.
 14499 | Lair:3   | Noticed Nergalle
 14511 | Lair:3   | Killed Nergalle
 14788 | Lair:3   | Found a hole to the Spider Nest.
 15286 | Lair:4   | Reached skill level 5 in Evocations
 15876 | Lair:4   | Received a gift from Trog
 16144 | Lair:4   | Found a staircase to the Shoals.
 16654 | Lair:4   | Got a steaming scale mail
 16665 | Lair:4   | Identified the +4 scale mail "Jan Awin" {Int+4} (You found
                  | it on level 4 of the Lair of Beasts)
 17596 | Lair:5   | Noticed a fire dragon
 17624 | Lair:5   | Killed a fire dragon
 18017 | Lair:6   | Entered Level 6 of the Lair of Beasts
 18383 | Lair:6   | Reached XP level 14. HP: 132/132 MP: 13/13
 18515 | Lair:6   | Found a staircase to the Slime Pits.
 18515 | Lair:6   | Found a viscous altar of Jiyva.
 18694 | Lair:6   | Received a gift from Trog
 19421 | Lair:6   | Reached skill level 15 in Fighting
 20934 | D:11     | Reached ****** piety under Trog
 21576 | D:12     | Noticed Gastronok
 21596 | D:12     | Killed Gastronok
 21942 | D:12     | Received a gift from Trog
 22284 | D:12     | Reached XP level 15. HP: 144/144 MP: 14/14
 22411 | D:13     | Noticed Frances
 22412 | D:13     | Noticed Josephine
 22592 | D:13     | Killed Frances
 22593 | D:13     | Killed Josephine
 22810 | D:13     | Got a scorched pewter ring
 22812 | D:13     | Identified the ring "Goyc" {rPois rC+ Int+2 Dex+4} (You
                  | found it on level 13 of the Dungeon)
 23240 | Orc:1    | Entered Level 1 of the Orcish Mines
 23388 | Orc:1    | Noticed Erolcha
 23393 | Orc:1    | Killed Erolcha
 23546 | Orc:2    | Entered Level 2 of the Orcish Mines
 23546 | Orc:2    | Found a staircase to the Elven Halls.
 24058 | Orc:2    | Found a transporter.
 24061 | Orc:2    | Found a transporter.
 24061 | Orc:2    | Noticed fly's ghost (adept FoDe)
 24165 | Orc:2    | Received a gift from Trog
 24202 | Orc:2    | Found Ehimn's Antique Weapon Shoppe.
 24202 | Orc:2    | Found Teorrum's Distillery.
 24205 | Orc:2    | Found Noaxzex's Armour Boutique.
 24205 | Orc:2    | Found Kauliwoh's Assorted Antiques.
 25210 | Orc:2    | Killed fly's ghost
 25578 | D:14     | Received a gift from Trog
 25650 | D:14     | Got a steaming scale mail
 25693 | D:14     | Identified the cursed +1 scale mail of Tudghohae {rF- rC-
                  | MP+9 Str+8} (You found it on level 14 of the Dungeon)
 25938 | D:14     | Noticed a tengu reaver
 25939 | D:14     | Noticed a sphinx
 25941 | D:14     | Noticed a sphinx
 25953 | D:14     | Killed a tengu reaver
 25962 | D:14     | Killed a sphinx
 25965 | D:14     | Killed a sphinx
 26078 | D:14     | Got a glittering ruby amulet
 26093 | D:14     | Reached XP level 16. HP: 154/157 MP: 15/15
 26412 | D:14     | Noticed Agnes
 26429 | D:14     | Killed Agnes
 26435 | D:14     | Reached skill level 15 in Armour
 26915 | D:14     | Found a gate to the Vaults.
 26975 | D:14     | Identified the amulet of Knowledge {Acrobat rN++} (You
                  | found it on level 14 of the Dungeon)
 27019 | D:15     | Entered Level 15 of the Dungeon
 27426 | D:15     | Received a gift from Trog
 27521 | D:15     | Reached skill level 10 in Evocations
 27886 | D:15     | Found a viscous altar of Jiyva.
 28049 | D:15     | Found a staircase to the Depths.
 28813 | Spider:1 | Entered Level 1 of the Spider Nest
 30552 | D:7      | Bought a condenser vane (2/2) for 480 gold pieces
 30667 | D:10     | Killed Aksej's ghost
 30675 | D:10     | Received a gift from Trog
 31027 | Spider:3 | Found a frozen archway.
 31061 | IceCv    | Entered an ice cave
 32244 | IceCv    | Got a bloodstained demon trident
 32245 | IceCv    | Identified the +1 demon trident of Sisain {freeze, +Rage
                  | rF+ MR- Str+10} (You found it in an ice cave)
 32455 | Spider:3 | Reached XP level 17. HP: 132/168 MP: 0/16
 32570 | Spider:3 | Noticed Asterion
 32586 | Spider:3 | Killed Asterion
 33885 | Shoals:1 | Entered Level 1 of the Shoals
 34414 | Shoals:1 | Reached skill level 15 in Dodging
 34540 | Shoals:1 | Got a pitted platinum amulet
 34743 | Shoals:1 | Identified the amulet "Bileanat" {Acrobat rElec Int+5
                  | Slay-6 SInv} (You found it on level 1 of the Shoals)
 35294 | Shoals:2 | Reached skill level 1 in Shields
 35536 | Shoals:2 | Noticed Ilsuiw
 35566 | Shoals:2 | Killed Ilsuiw
 35835 | Shoals:2 | Noticed a kraken
 35891 | Shoals:2 | Killed a kraken
 36116 | Shoals:2 | Identified a scroll of acquirement
 36116 | Shoals:2 | Acquired a +1 pair of boots of running
 36662 | Shoals:3 | Noticed Mara
 36712 | Shoals:3 | Noticed FIQ's illusion
 36747 | Shoals:3 | Killed Mara
 36966 | Shoals:3 | Reached skill level 5 in Shields
 37182 | Shoals:3 | Noticed Jorgrun
 37208 | Shoals:3 | Killed Jorgrun
 37702 | Shoals:4 | Entered Level 4 of the Shoals
 38484 | Shoals:4 | Received a gift from Trog
 38488 | Shoals:4 | Reached XP level 18. HP: 162/180 MP: 17/17
 39683 | Shoals:4 | Got a barnacled rune of Zot
 40009 | Spider:4 | Entered Level 4 of the Spider Nest
 40698 | Spider:4 | Received a gift from Trog
 40705 | Spider:4 | Got a crude flail {god gift}
 40706 | Spider:4 | Identified the +4 flail of Offence {antimagic, MR+ Dex+4}
                  | (Trog gifted it to you on level 4 of the Spider Nest)
 41569 | Spider:4 | Got a gossamer rune of Zot
 42031 | Vaults:1 | Entered Level 1 of the Vaults
 42252 | Vaults:1 | Acquired a scarf of shadows
 42267 | Vaults:1 | Acquired the amulet "Meanovy" {Faith rC+}
 42459 | Vaults:1 | Reached skill level 10 in Shields
 42472 | Vaults:1 | Received a gift from Trog
 43397 | Vaults:1 | Reached XP level 19. HP: 188/190 MP: 18/18
 44005 | Vaults:2 | Received a gift from Trog
 44132 | Vaults:2 | Found a staircase to the Crypt.
 44580 | Vaults:2 | Noticed Mennas
 44598 | Vaults:2 | Killed Mennas
 45319 | Vaults:2 | Received a gift from Trog
 46641 | Vaults:3 | Noticed Saint Roka
 46853 | Vaults:3 | Received a gift from Trog
 46949 | Vaults:3 | Got a dazzling flail {god gift}
 46950 | Vaults:3 | Identified the +6 flail of Datzajic {vorpal, Str+4} (Trog
                  | gifted it to you on level 3 of the Vaults)
 47091 | Vaults:3 | Reached XP level 20. HP: 200/200 MP: 19/19
 47482 | Vaults:3 | Killed Saint Roka
 47627 | Vaults:3 | Found Ozoy's Armour Emporium.
 48536 | Vaults:4 | Received a gift from Trog
 48692 | Vaults:4 | Acquired 450 gold pieces
 49326 | Vaults:4 | Received a gift from Trog
 51077 | Elf:1    | Entered Level 1 of the Elven Halls
 51247 | Elf:1    | Identified the +11 war axe of Famine {vamp, Fragile rPois
                  | Int+8 Dex+5}
 51411 | Elf:1    | Acquired a manual of Shields
 51416 | Elf:1    | Acquired 720 gold pieces
 52494 | Elf:1    | Received a gift from Trog
 52584 | Elf:1    | Found a runed translucent gate.
 52584 | Elf:1    | Found a runed translucent gate.
 52584 | Elf:1    | Found a runed translucent gate.
 52584 | Elf:1    | Found a runed translucent gate.
 52590 | Elf:1    | Found a runed translucent gate.
 52591 | Elf:1    | Found a runed translucent gate.
 53031 | Elf:2    | Reached XP level 21. HP: 211/211 MP: 6/20
 53095 | Elf:2    | Reached skill level 15 in Shields
 53229 | Elf:2    | Found a huge runed translucent gate.
 53229 | Elf:2    | Found a huge runed translucent gate.
 53229 | Elf:2    | Found a huge runed translucent gate.
 53529 | Elf:2    | Found a huge runed translucent gate.
 53529 | Elf:2    | Found a huge runed translucent gate.
 53625 | Elf:2    | Noticed Nikola
 53701 | Elf:2    | Killed Nikola
 54369 | Elf:2    | Received a gift from Trog
 54501 | Elf:3    | Entered Level 3 of the Elven Halls
 54765 | Elf:3    | Found a runed translucent door.
 54765 | Elf:3    | Found a shimmering altar of Xom.
 54765 | Elf:3    | Noticed rasy's ghost (adept MiFi)
 55263 | Elf:3    | Identified the +8 whip of Lalebros {vorpal, rPois rF+ Str+7
                  | Int-4}
 55914 | Elf:3    | Found Xakonoan's Antique Armour Shop.
 55917 | Elf:3    | Bought a pair of fading boots for 304 gold pieces
 55917 | Elf:3    | Identified the +0 pair of boots "Amofashiv" {+Fly Int+5}
                  | (You bought it in a shop on level 3 of the Elven Halls)
 56128 | Elf:3    | Identified the amulet of Muhaifax {Reflect rC+ rN+ Str+4
                  | SH+5}
 56383 | Elf:3    | Identified the +12 lajatang of Doetwoqodall {vorpal,
                  | *Contam *Corrode Int+5 Dex+2}
 56406 | Elf:3    | Acquired a manual of Maces & Flails
 56406 | Elf:3    | Identified the +9 mace of the Distant Future {freeze,
                  | Fragile +Blink rElec Int+2}
 56515 | Elf:3    | Got a brightly glowing plate armour
 56516 | Elf:3    | Identified the +10 plate armour of the Manifold Tables
                  | {*Slow rN+ Str+3} (You found it on level 3 of the Elven
                  | Halls)
 56533 | Elf:3    | Got a polished plate armour
 56534 | Elf:3    | Identified the +10 plate armour "Joutt" {rF+} (You found it
                  | on level 3 of the Elven Halls)
 56548 | Elf:3    | Got a warped chain mail
 56549 | Elf:3    | Identified the +3 chain mail "Beinoats" {rF+} (You found it
                  | on level 3 of the Elven Halls)
 57067 | Vaults:5 | Entered Level 5 of the Vaults
 57730 | Vaults:5 | Received a gift from Trog
 57731 | Vaults:5 | Reached XP level 22. HP: 184/222 MP: 21/21
 57803 | Vaults:5 | Cast into level 3 of the Abyss (vault warden)
 57831 | Abyss:3  | Found a roughly hewn altar of Beogh.
 58161 | Vaults:5 | Escaped the Abyss
 58779 | Vaults:5 | Identified the +16 plate armour of the Chupacabra {MR-
                  | rCorr Str-5 Dex+6}
 58994 | Vaults:5 | Received a gift from Trog
 59017 | Vaults:5 | Noticed an ancient lich
 59651 | Vaults:5 | Killed an ancient lich
 59926 | Vaults:5 | Reached XP level 23. HP: 215/231 MP: 22/22
 60308 | Vaults:5 | Got a silver rune of Zot
 60810 | Depths:1 | Entered Level 1 of the Depths
 60812 | Depths:1 | Found Gociefeife's Demolitions Depot.
 61584 | Depths:1 | Found a gateway to Hell.
 61693 | Depths:1 | Found a gateway to a ziggurat.
 61743 | Depths:1 | Found a one-way gate to the infinite horrors of the Abyss.
 61914 | Depths:2 | Found Btudots's Bounteous Boutique.
 61926 | Depths:2 | Received a gift from Trog
 61941 | Depths:2 | You fall into a shaft and drop 2 floors!
 62624 | Depths:2 | Reached skill level 15 in Evocations
 62815 | Depths:2 | Found a corrupted altar of Lugonu.
 62854 | Depths:2 | Found Doptamak's Magic Scroll Boutique.
 62869 | Depths:2 | Bought a scroll of acquirement for 988 gold pieces
 62870 | Depths:2 | Acquired the +0 pair of fencer's gloves {Riposte Dex+3}
 62871 | Depths:2 | Found the +0 pair of fencer's gloves {Riposte Dex+3}
 63005 | Depths:2 | Received a gift from Trog
 63104 | Depths:2 | Bought a scroll of blinking for 112 gold pieces
 63645 | Depths:2 | Noticed a caustic shrike
 63651 | Depths:2 | Noticed a caustic shrike
 63653 | Depths:2 | Killed a caustic shrike
 63665 | Depths:2 | Killed a caustic shrike
 64259 | Depths:3 | Received a gift from Trog
 64673 | Depths:3 | Reached XP level 24. HP: 203/240 MP: 22/22
 64841 | Depths:3 | Found a one-way gate leading to the halls of Pandemonium.
 65997 | Depths:3 | Received a gift from Trog
 66312 | Depths:4 | Noticed a juggernaut
 66318 | Depths:4 | Killed a juggernaut
 66410 | Depths:4 | Got a slimy bronze ring
 66411 | Depths:4 | Identified the ring "Vuelun" {*Tele Dex+6 Slay+2} (You
                  | found it on level 4 of the Depths)
 66938 | Depths:4 | Noticed Boris
 66945 | Depths:4 | Killed Boris
 67108 | Depths:5 | Entered Level 5 of the Depths
 67373 | Depths:5 | Received a gift from Trog
 67770 | Depths:5 | Found a gate to the Realm of Zot.
 67880 | Depths:5 | Reached XP level 25. HP: 250/250 MP: 22/22
 68202 | Zot:1    | Entered Level 1 of the Realm of Zot
 70883 | Zot:2    | Noticed a Killer Klown
 70890 | Zot:2    | Killed a Killer Klown
 71523 | Zot:3    | Cast into level 3 of the Abyss (black draconian)
 71574 | Zot:3    | Escaped the Abyss
 72904 | Zot:3    | Received a gift from Trog
 73440 | Zot:4    | Reached XP level 26. HP: 253/261 MP: 22/22
 74287 | Zot:4    | Noticed an orb of fire
 74426 | Zot:4    | Killed an orb of fire
 75139 | Zot:4    | Received a gift from Trog
 75418 | Zot:5    | Entered Level 5 of the Realm of Zot
 76016 | D:9      | Bought a potion of mutation for 120 gold pieces
 76016 | D:9      | Bought a potion of curing for 45 gold pieces
 76016 | D:9      | Bought a potion of cancellation for 120 gold pieces
 76016 | D:9      | Bought a potion of resistance for 150 gold pieces
 76016 | D:9      | Bought 2 potions of heal wounds for 150 gold pieces
 77721 | Zot:5    | Noticed an ancient lich
 77744 | Zot:5    | Noticed an orb of fire
 77750 | Zot:5    | Killed an orb of fire
 77752 | Zot:5    | Killed an ancient lich
 77893 | Zot:5    | Noticed an orb of fire
 77896 | Zot:5    | Killed an orb of fire
 77896 | Zot:5    | Reached XP level 27. HP: 271/271 MP: 22/22
 77899 | Zot:5    | Noticed an orb of fire
 77906 | Zot:5    | Gained mutation: You are dopey. (Int -2) [an orb of fire]
 77907 | Zot:5    | Gained mutation: Armour fits poorly on your strangely
                  | shaped body. [an orb of fire]
 77921 | Zot:5    | Gained mutation: You occasionally shout uncontrollably at
                  | your foes. [an orb of fire]
 77926 | Zot:5    | Killed an orb of fire
 77933 | Zot:5    | Noticed an ancient lich
 77934 | Zot:5    | Noticed an orb of fire
 77937 | Zot:5    | Noticed an ancient lich
 77948 | Zot:5    | Lost mutation: You occasionally shout uncontrollably at
                  | your foes. [potion of mutation]
 77948 | Zot:5    | Lost mutation: You are partially covered in large bone
                  | plates. (SH +4) [potion of mutation]
 77948 | Zot:5    | Lost mutation: You possess an exceptional clarity of mind.
                  | [potion of mutation]
 77948 | Zot:5    | Lost mutation: You are dopey. (Int -2) [potion of mutation]
 77948 | Zot:5    | Gained mutation: You are dopey. (Int -2) [potion of
                  | mutation]
 77948 | Zot:5    | Gained mutation: You tend to lose your temper in combat.
                  | [potion of mutation]
 77948 | Zot:5    | Lost mutation: You are dopey. (Int -2) [potion of mutation]
 77953 | Zot:5    | Noticed an orb of fire
 77954 | Zot:5    | HP: 2/271 [Orb Guardian (18)]
 77955 | Zot:5    | Noticed an ancient lich
 77967 | Zot:5    | HP: 12/271 [???[an ancient lich] (8)]
 77969 | Zot:5    | Noticed an orb of fire
 77970 | Zot:5    | Noticed an ancient lich
 77971 | Zot:5    | Killed from afar by an ancient lich

Illustrated notes

Levels and vault maps discovered:
D:1:      dpeg_arrival_round_b, layout_basic, minmay_door_square,
          minmay_heptomino_h4
D:2:      layout_basic, minmay_misc_feat_nine_boxes
D:3:      layout_loops_ring
D:4:      kennysheep_big_flooded_room, layout_cave_pods, kennysheep_mini_moat,
          temple_fountains
D:5:      layout_loops_corners, nicolae_qazlal_general_emergency
D:6:      layout_loops_ring, cheibrodos_sewer_entry_sluice, serial_shops,
          nicolae_shop_stone, uniq_maggie
D:7:      layout_basic, lemuel_crystal_altar, serial_shops, shop_fountains
D:8:      layout_loops_ring, overflow_temple_1_default
D:9:      layout_roguey, zin_academy, kennysheep_okawaru_gauntlet,
          dpeg_oklobed_lair, serial_shops, shop_fountains, enter_bailey_6,
          elyvilon_altar_1
D:10:     lemuel_slime, layout_loops_ring, erik_orc_4, gammafunk_ghost_smash,
          uniq_psyche, uniq_erica
D:11:     regret_index_tunnel_blossom, layout_basic, special_room
          [special_room_bee]
D:12:     layout_irregular_city, uniq_gastronok
D:13:     layout_cave_pools, chequers_arboretum, abandoned_shop, uniq_frances,
          uniq_josephine
D:14:     layout_loops_corners, david_vaults_4, grunt_decor_cap, minmay_radiant,
          uniq_agnes
D:15:     grunt_enter_depths_hoard, layout_basic, chequers_avenue,
          serial_bayou_pond_b, jiyva_altar_1
Temple:   eino_temple_rhombus
Lair:1:   layout_layer_cave, lemuel_fruit_fields, grunt_megastairs_2
Lair:2:   minmay_guarded_unrand_snakebite, layout_misc_corridors, uniq_harold
Lair:3:   layout_hall_layers, spider_nest_entry_a, lemuel_oklob_altar,
          serial_bayou_shore_b, uniq_nergalle
Lair:4:   layout_cellular_growth, elwin_shoals_entry_rooms, special_room
          [special_room_mythical_zoo]
Lair:5:   dragon1_lemuel, layout_cellular_growth, infiniplex_staircase_pool
Lair:6:   evilmike_catoblepas_cave, layout_gridlike, slime_altar_1,
          serial_bayou, serial_bayou_pond_c, serial_bayou_pond_d,
          serial_bayou_lagoon_a, serial_bayou_ford_a
Shoals:1: layout_shoals
Shoals:2: nicolae_shoals_island_circles, layout_shoals, uniq_ilsuiw
Shoals:3: layout_shoals, uniq_jorgrun, uniq_mara
Shoals:4: shoals_end_hangedman, layout_shoals
Spider:1: layout_spider_delve, drop_trap
Spider:2: layout_spider_delve
Spider:3: layout_spider_delve, portal_ice_cave_entry_frozen_things,
          uniq_asterion
Spider:4: spider_rune_water
Orc:1:    layout_caves, minmay_orc_keep, uniq_erolcha
Orc:2:    st_orc_ogre_mass, layout_caves, gammafunk_ghost_arena,
          nicolae_orc_jurassic_orc
Elf:1:    layout_loops_cross, orc_legates
Elf:2:    layout_geoelf_grid, st_stairs_7,
          nicolae_elf_glass_and_crystal_pillar_1, minivault_11, uniq_nikola
Elf:3:    elf_hall, layout_onion_city, ebering_ghost_xom, serial_shops,
          nicolae_shop_behind_doors, due_unseen_surprise
Vaults:1: nicolae_vaults_hallways_thing, ontoclasm_vaults_decontamination,
          v_misc_4, ontoclasm_vaults_bender, ontoclasm_vaults_chip,
          hangedman_vaults_nails, ontoclasm_vaults_spin, v_rooms_6,
          grunt_vaults_funnel, ontoclasm_vaults_idyll, layout_vaults_omnibox
Vaults:2: vaults_room_pool, st_cells, vaults_mumra_chevron,
          nicolae_vaults_theta, v_misc_22, v_misc_2, ontoclasm_vaults_shuriken,
          blue_anna_dwarven_crypt, grunt_vaults_diagonal, ontoclasm_vaults_chip,
          layout_vaults_quadrants, uniq_mennas
Vaults:3: v_misc_29, v_misc_2, vaults_standard_mumra_enter_the_diamond,
          nicolae_vaults_inception_scallops, ontoclasm_vaults_ligature,
          dpeg_vaults_monster_box, nicolae_vaults_triangles,
          nicolae_vaults_network_barrier, grunt_vaults_focal,
          nicolae_vaults_little_squares_1, nicolae_vaults_little_squares_3,
          layout_vaults_chaotic_city, uniq_saint_roka
Vaults:4: vaults_room_pools, vaults_room_semicircle, st_more_cells,
          nicolae_vaults_big_angled_halls, v_misc_14, vaults_dpeg_cross,
          vaults_dpeg_spiral, ontoclasm_vaults_tryst, v_misc_9,
          nicolae_vaults_specimen_jars, layout_vaults_ring
Vaults:5
Depths:1: layout_gridlike, enter_ziggurat_d, chequers_serial_rivers_room_a,
          hellmouth_3, abyss_entry, nicolae_blasting_shop,
          nicolae_twisting_strands, kennysheep_generic_room_11
Depths:2: minmay_blocking_statues, layout_honeycomb, pf_coc_iceberg,
          serial_shops, nicolae_shop_stone, hangedman_decor_slide_cut,
          abyss_entry_flame_altar, nicolae_alphabet_shops,
          minmay_misc_feat_doors
Depths:3: kennysheep_blocky_room, layout_gridlike, rand_demon_pan_entry_1,
          grunt_hell_entry_dis_mu, drop_trap, infiniplex_staircase_zigzag_2
Depths:4: evilmike_diamond_1, layout_gridville, hangedman_decor_peaks_small,
          hangedman_abyss_entry_splay, hell_entry, uniq_boris
Depths:5: grunt_zot_entry_alcove, layout_gridlike, minmay_hedge_maze, hell_entry
Zot:1:    layout_misc_corridors
Zot:2:    layout_twisted_circle, grunt_ministairs_1
Zot:3:    layout_gridlike
Zot:4:    layout_cathedral_of_symmetry, zot_minivault_7
Zot:5:    layout_basic

Skill      XL: |  1  2  3  4  5  6  7  8  9 10 11 12 13 14 15 16 17 18 19 20 21 22 23 24 25 26 |
---------------+-------------------------------------------------------------------------------+-----
Maces & Flails | 4 5 6 7 10 11 12 14 15 16 17 20 22 23 24 26 | 26.2
Fighting       | 4 5 6 7 8 9 11 14 16 17 19 20 21 22 23 24 25 26 | 26.7
Armour         | 3 4 5 7 8 9 10 11 12 13 14 15 16 17 18 19 20 21 22 23 | 23.1
Dodging        | 3 4 6 7 8 10 11 12 13 14 15 16 17 18 19 20 21 | 21.5
Evocations     | 3 4 6 8 9 10 11 12 13 14 15 16 17 | 17.6
Shields        | 6 10 12 14 16 | 16.9

Action                   |  1- 3 |  4- 6 |  7- 9 | 10-12 | 13-15 | 16-18 | 19-21 | 22-24 | 25-27 || total
-------------------------+-------+-------+-------+-------+-------+-------+-------+-------+-------++-------
Melee: Mace              |    91 |   129 |   294 |   475 |       |       |       |       |       ||   989
       Headbutt          |    11 |    28 |    65 |   124 |   360 |   650 |   640 |   166 |   110 ||  2154
       War axe           |       |       |       |    49 |       |       |       |       |       ||    49
       Whip              |       |       |       |       |  1417 |  2115 |  1200 |       |       ||  4732
       Demon trident     |       |       |       |       |       |     1 |       |       |       ||     1
       Eveningstar       |       |       |       |       |       |       |   465 |       |       ||   465
       Maul              |       |       |       |       |       |       |    89 |   689 |   336 ||  1114
Throw: Boomerang         |       |       |     2 |     2 |       |       |       |       |       ||     4
Invok: Berserk           |     7 |     5 |    10 |    13 |    26 |    38 |    40 |    22 |     8 ||   169
       Trog's Hand       |       |     1 |     4 |     3 |     6 |    10 |     8 |     2 |     2 ||    36
       Brothers in Arms  |       |       |       |     3 |     5 |     5 |     2 |     1 |     1 ||    17
Evoke: Wand              |       |       |       |       |       |     9 |       |     1 |       ||    10
  Use: Scroll            |       |     6 |    12 |     4 |    10 |    12 |    14 |     9 |    15 ||    82
       Potion            |       |     1 |       |     2 |       |     6 |     5 |     9 |    24 ||    47
 Stab: Sleeping          |       |       |     1 |       |       |       |       |       |       ||     1
       Petrified         |       |       |       |     2 |       |       |       |       |       ||     2
       Distracted        |       |       |       |       |     1 |       |     1 |     1 |       ||     3
Armor: Animal skin       |    21 |       |       |       |       |       |       |       |       ||    21
       Leather armour    |       |    23 |    41 |       |       |       |       |       |       ||    64
       Plate armour      |       |       |    82 |   221 |   301 |   738 |   385 |    90 |       ||  1817
       Scale mail        |       |       |       |       |    74 |       |       |       |       ||    74
       Gold dragon scale |       |       |       |       |       |       |       |   499 |   280 ||   779
Dodge: Dodged            |    63 |    49 |   141 |   148 |   428 |   683 |   549 |   961 |   511 ||  3533
Block: Other             |       |    48 |   196 |   144 |   341 |   215 |    99 |   491 |   200 ||  1734
       Reflection        |       |       |     2 |     2 |     7 |    47 |     8 |    58 |     7 ||   131
       Kite shield       |       |       |       |       |       |  1027 |   995 |       |       ||  2022
       Rpst.: Maul       |       |       |       |       |       |       |       |    66 |    82 ||   148

Table legend: (Time is in decaauts)
 A = Elapsed time spent in this place.
 B = Non-inter-level travel time spent in this place.
 C = Inter-level travel time spent in this place.
 D = Time resting spent in this place.
 E = Time spent auto-exploring this place.
 F = Levels seen in this place.
 G = Mean time per level.
                   A        B        C        D        E       F      G
               +--------+--------+--------+--------+--------+-----+--------+
         Total |  76331 |  68550 |   7781 |  15921 |  38611 |  56 | 1363.1 |
       Dungeon |  19213 |  16422 |   2791 |   2369 |  11146 |  15 | 1280.9 |
        Temple |    143 |    127 |     16 |      0 |    127 |   1 |  143.0 |
          Lair |   8974 |   7318 |   1656 |   1054 |   5242 |   6 | 1495.7 |
        Shoals |   5788 |   5531 |    257 |   1630 |   2777 |   4 | 1447.0 |
   Spider Nest |   5248 |   4350 |    898 |    790 |   2750 |   4 | 1312.0 |
  Orcish Mines |   2947 |   2793 |    154 |   1286 |   1044 |   2 | 1473.5 |
   Elven Halls |   4782 |   4437 |    345 |   1114 |   2311 |   3 | 1594.0 |
        Vaults |  11045 |  10379 |    666 |   2647 |   5493 |   5 | 2209.0 |
        Depths |   7882 |   7215 |    667 |   1447 |   4111 |   5 | 1576.4 |
           Zot |   7877 |   7550 |    327 |   2909 |   3006 |   5 | 1575.4 |
         Abyss |    430 |    430 |      0 |      4 |      0 |   3 |  143.3 |
         Sewer |    279 |    279 |      0 |      0 |    220 |   1 |  279.0 |
        Bailey |    479 |    479 |      0 |    158 |    124 |   1 |  479.0 |
      Ice Cave |   1238 |   1238 |      0 |    508 |    257 |   1 | 1238.0 |
               +--------+--------+--------+--------+--------+-----+--------+

Top non-repeatable levels by time:
Vaults:5: 2989 daAuts
Vaults:3: 2556 daAuts
Depths:3: 2491 daAuts
   Zot:3: 2291 daAuts
Spider:3: 2214 daAuts
  Lair:1: 2071 daAuts
    D:10: 2058 daAuts
   Orc:2: 2051 daAuts
Vaults:4: 2032 daAuts
Vaults:2: 2017 daAuts
   Elf:2: 1892 daAuts
   Zot:4: 1891 daAuts
    D:15: 1884 daAuts
   Elf:3: 1881 daAuts
  Lair:6: 1825 daAuts
